Map: Catalyst LE

Players

kauP - Winner!

  • Race: Terran Terran
  • Spawn Location: 5:00

Light

  • Race: Protoss Protoss
  • Spawn Location: 11:00

Event: WCS Valencia 2018

VOD

Have the link to the VOD?

Description

Time

  • Played on: July 12, 2018, 6:17 a.m.
  • Length: 8:56

All games in this series

Show
View Real Time Build Order
Export as new Build Order

kauP Terran - Winner!

Build Orders: Reaper Expand, MMM Bio 

Get SALT Encoding   

  12  0:00  SCV  
  13  0:13  SCV  
  14  0:17  Supply Depot  
  14  0:25  SCV  
  15  0:39  SCV  
  15  0:40  Barracks  
  16  0:46  Refinery  
  16  0:51  SCV  
  17  1:03  SCV  
  18  1:15  SCV  
  19  1:28  Orbital Command  
  19  1:31  Reaper  
  20  1:43  Command Center  
  20  1:57  SCV  
  20  1:58  Barracks  
  21  2:03  Barracks Reactor  
  21  2:07  Supply Depot  
  21  2:09  SCV  
  22  2:19  Barracks  
  22  2:23  SCV  
  23  2:35  SCV  
  24  2:41  Marine x2, Engineering Bay  
  26  2:47  SCV  
  26  2:49  Barracks Tech Lab  
  28  2:58  Orbital Command  
  28  2:59  SCV  
  28  3:02  Marine x2  
  30  3:08  Stimpack  
  30  3:13  Terran Infantry Weapons Level 1  
  30  3:17  Marine  
  31  3:20  Marine x2  
  32  3:27  Barracks Tech Lab  
  32  3:31  SCV  
  32  3:32  SCV  
  34  3:35  Marine  
  34  3:38  Missile Turret, Marine  
  34  3:39  Marine  
  37  3:50  SCV, Missile Turret  
  37  3:51  SCV  
  37  3:53  Marine  
  37  3:55  Supply Depot  
  40  3:58  Marauder  
  42  4:03  SCV x2  
  42  4:06  Marine x2  
  42  4:08  Combat Shields  
  46  4:16  SCV  
  47  4:17  Supply Depot  
  47  4:20  Refinery  
  47  4:23  Marauder  
  50  4:24  SCV  
  50  4:27  Marine x2  
  50  4:28  SCV  
  50  4:30  Marauder  
  54  4:39  SCV  
  54  4:40  SCV  
  54  4:41  Supply Depot x2  
  56  4:48  Marauder  
  56  4:52  Marine x2, Marauder  
  62  5:02  SCV x2  
  62  5:03  Supply Depot, Factory  
  64  5:08  Refinery  
  64  5:11  Marauder  
  66  5:14  SCV x2  
  66  5:16  Marine, Marauder  
  69  5:33  Marine  
  69  5:34  Marine, Marauder  
  69  5:38  Marauder  
  69  5:39  SCV x2  
  69  5:49  Command Center  
  66  5:55  Barracks  
  66  5:56  Barracks  
  65  5:58  Starport, SCV x2  
  65  6:01  Marine x2  
  68  6:08  Marine x2  
  68  6:10  Factory Reactor  
  70  6:12  Terran Infantry Armor Level 1  
  70  6:14  SCV x2  
  72  6:19  Marine x2  
  72  6:23  Refinery  
  74  6:25  Concussive Shells  
  74  6:27  SCV x2  
  72  6:42  Marine x5  
  63  6:51  Marine  
  60  6:54  Bunker  
  60  6:55  Medivac  
  60  6:56  Bunker, Widow Mine, Medivac  
  60  6:59  Marine x2  
  68  7:01  Orbital Command  
  68  7:02  Supply Depot, Missile Turret  
  68  7:04  Supply Depot  
  68  7:08  Marine x2  
  70  7:10  SCV x2  
  72  7:17  Engineering Bay  
  72  7:18  Armory  
  71  7:26  Factory Reactor, Barracks Tech Lab  
  71  7:27  Barracks Reactor  
  71  7:33  Marine  
  71  7:34  Marine x3  
  75  7:43  Medivac x2  
  79  7:44  Marine  
  79  7:47  Supply Depot  
  80  7:51  Marine  
  80  7:52  Ghost Academy  
  80  7:54  Barracks  
  80  7:55  Barracks  
  81  8:04  Marine x2, Marauder x3  
  81  8:05  Marine  
  90  8:09  Marine  
  90  8:13  Medivac  
  91  8:22  Marine x2  
  91  8:23  SCV x2  
  94  8:30  Widow Mine x2  
  94  8:31  Marine  
  94  8:32  Marine x3  
  104  8:38  SCV x2  
  104  8:40  Supply Depot x2  
Show
View Real Time Build Order
Export as new Build Order

Light Protoss 

Build Orders: 1 Gate Expand, Phoenix Opening 

Get SALT Encoding   

  12  0:00  Probe  
  13  0:12  Probe  
  14  0:17  Pylon  
  14  0:24  Probe  
  15  0:32  Probe  
  15  0:38  Gateway  
  15  0:40  Probe  
  17  0:50  Assimilator  
  17  0:51  Probe  
  18  1:03  Probe  
  19  1:16  Probe  
  20  1:27  Nexus  
  20  1:31  Probe  
  21  1:41  Cybernetics Core  
  21  1:44  Probe  
  22  1:51  Pylon  
  22  1:57  Assimilator  
  22  1:59  Probe  
  23  2:07  Probe  
  23  2:08  Adept  
  24  2:16  Probe  
  27  2:23  Stargate  
  27  2:26  Probe  
  27  2:28  Adept  
  30  2:38  Probe  
  30  2:39  Warp Gate  
  30  2:43  Probe  
  32  2:50  Probe  
  33  2:55  Probe  
  34  3:00  Phoenix  
  34  3:02  Probe  
  34  3:08  Probe  
  37  3:15  Pylon, Probe  
  38  3:20  Probe  
  38  3:23  Phoenix  
  38  3:27  Probe  
  42  3:30  Adept  
  42  3:32  Probe  
  45  3:39  Shield Battery, Probe  
  46  3:41  Phoenix  
  46  3:44  Probe  
  47  3:51  Probe  
  50  3:56  Probe  
  50  3:58  Adept  
  53  4:03  Probe  
  53  4:08  Gateway  
  53  4:09  Gateway  
  54  4:13  Probe  
  54  4:18  Twilight Council  
  54  4:20  Pylon  
  54  4:26  Assimilator  
  54  4:32  Oracle  
  54  4:38  Probe x2  
  57  4:51  Gateway, Probe  
  57  4:52  Gateway  
  58  4:53  Gateway, Adept  
  58  4:57  Charge  
  60  5:02  Probe  
  60  5:06  Pylon  
  61  5:21  Phoenix  
  56  5:30  Adept x3  
  45  5:48  Phoenix  
  41  5:52  Adept x3  
  44  5:58  Probe x2  
  44  6:06  Probe  
  44  6:08  Zealot x3  
  51  6:11  Pylon  
  51  6:12  Zealot x3  
  57  6:18  Probe x2  
  57  6:30  Probe  
  52  6:33  Zealot x4  
  58  6:46  Gateway  
  56  6:56  Zealot  
  56  6:57  Zealot x4  
  56  6:58  Zealot  
  66  7:05  Phoenix  
  56  7:22  Nexus  
  56  7:25  Pylon  
  54  7:31  Phoenix  
  54  7:36  Probe x2  
  58  7:47  Pylon  
  58  7:48  Probe x2  
  60  7:54  Phoenix  
  62  7:59  Zealot x3  
  63  8:15  Phoenix  
  63  8:16  Nexus  
  63  8:17  Pylon  
  65  8:21  Pylon  
  65  8:31  Zealot x4  
  73  8:38  Probe x2  
  77  8:48  Zealot  
Tags
 
Add a new tag
Caveats
  • Supply blocks, unpowered buildings, or Contaminate may cause inaccurate times.
  • Supply counts are checked every 10 seconds.